Pick #1

Connor Bedard
Pick #2

Leo Carlsson
Pick #3

Adam Fantilli
Pick #4

Matvei Michkov
Pick #5

David Reinbacher
Pick #6

William Smith
Pick #7

Zachary Benson
Pick #8

Ryan Leonard
Pick #9

Gabriel Perreault
Pick #10

Axel Sandin-Pellika
Pick #11

Daniil But
Pick #12

Dalibor Dvorsky
Pick #13

Quentin Musty
Pick #14

Brayden Yager
Pick #15

Dmitry Simashev
Pick #16

Colby Barlow
Pick #17

Andrew Cristall
Pick #18

Easton Cowan
Pick #19

Jacob Fowler
Pick #20

Oliver Moore
Pick #21

Oliver Bonk
Pick #22

Tom Willander
Pick #23

Calum Ritchie
Pick #24

Tanner Molendyk
Pick #25

Gavin Brindley
Pick #26

Nate Danielson
Pick #27

Pick #28

Pick #29

Pick #30

Pick #31

Pick #32

Pick #33

Pick #34

Pick #35

Pick #36

Pick #37

Pick #38

Pick #39

Pick #40

Pick #41

Pick #42

Pick #43

Pick #44

Pick #45

Pick #46

Pick #47

Pick #48

Pick #49

Pick #50

Pick #51

Pick #52

Pick #53

Pick #54

Pick #55

Pick #56

Pick #57

Pick #58

Pick #59

Pick #60

Pick #61

Pick #62

Pick #63

Pick #64

Pick #65

Pick #66

Pick #67

Pick #68

Pick #69

Pick #70

Pick #71

Pick #72

Pick #73

Pick #74

Pick #75

Pick #76

Pick #77

Pick #78

Pick #79

Pick #80

Pick #81

Pick #82

Pick #83

Pick #84

Pick #85

Pick #86

Pick #87

Pick #88

Pick #89

Pick #90

Pick #91

Pick #92

Pick #93

Pick #94

Pick #95

Pick #96

Pick #97

Pick #98

Pick #99

Pick #100

Pick #101

Pick #102

Pick #103

Pick #104

Pick #105

Pick #106

Pick #107

Pick #108

Pick #109

Pick #110

Pick #111

Pick #112

Pick #113

Pick #114

Pick #115

Pick #116

Pick #117

Pick #118

Pick #119

Pick #120

Pick #121

Pick #122

Pick #123

Pick #124

Pick #125

Pick #126

Pick #127

Pick #128

Pick #129

Pick #130

Full Scoreboard »»

Canadiens vs RedWings

Created - January 24, 2024 at 11:32

Goals
1 2 3 OT1 T
Canadiens 0 1 1 0 2
RedWings 0 1 1 1 3
Shots
1 2 3 OT1 T
Canadiens 9 9 15 4 37
RedWings 5 11 4 1 21

GoalsPenalties
1st period
No Goal
Mark Scheifele (DET) for Roughing (Minor) at 4:28
2nd period
1. RedWings , Evgenii Dadonov 6 (John Carlson 24, David Pastrnak 5) at 13:19 (PP)
2. Canadiens , Lars Eller 8 (Alex Goligoski 14, Daniel Sprong 13) at 18:10
Filip Forsberg (MTL) for Roughing (Minor) at 12:31
3rd period
3. Canadiens , Filip Forsberg 14 (Adam Pelech 13, Anthony Mantha 9) at 16:21
4. RedWings , Brayden Schenn 12 (Phillip Di Giuseppe 5, Drew Doughty 25) at 16:33
Ryan Hartman (DET) for Tripping (Minor) at 19:31
Overtime #1
5. RedWings , David Pastrnak 10 (Mark Scheifele 22, Erik Karlsson 25) at 2:24
No Penalty
Goalie Stats
Kaapo Kahkonen (MTL), 18 saves from 21 shots - (0.857), OTL, 13-3-8, 62:25 minutes
Brian Elliott (DET), 35 saves from 37 shots - (0.946), W, 11-9-2, 62:25 minutes
3 StarsOfficial
1 - Brian Elliott (DET)
2 - David Pastrnak (DET)
3 - Brayden Schenn (DET)
Referees : Brian Pochmara and Mike Sheehan
Linesman : Brian Murphy and Bryan Pancich
Game Note
Valeri Nichushkin is injured at 2:53 of 1st period (Bruised Left Arm)
Finance
Level 1 -- Attendance: 6207 (95.49%) -- Ticket Income $744,840
Level 2 -- Attendance: 4479 (89.58%) -- Ticket Income $358,320
Level 3 -- Attendance: 3048 (87.09%) -- Ticket Income $213,360
Level 4 -- Attendance: 2787 (69.21%) -- Ticket Income $97,545
Luxury Box -- Attendance: 983 (98.30%) -- Ticket Income $216,260
Game was played at the Joe Louis Arena.
Total Attendance: 17504 (87.40%)
Total Ticket Income: $1,630,325
Other Income: $407,581
Total Income: $2,037,906



Team Name Goals Shots Shots Attemp Shots Blocked PIM HIT PP PK FO%
Canadiens 2377782250 / 2 (0%)157%
RedWings 32142124251 / 1 (100%)043%

Canadiens
Player Name POS G A P +/- PIM HIT SHT SB MP PP MP PP SHT PK MP PK SHT FO% FOT
Adam PelechD0111020122:170:0000:1200% 0
Alex GoligoskiD0110020014:401:0600:0000% 0
Alexander KerfootC0000013014:250:2600:00050% 2
Anthony ManthaRW0111021017:211:1300:0000% 1
Artturi LehkonenLW0000030018:211:1400:4800% 1
Brendan GallagherRW0000002010:160:0000:0000% 0
Brendan GaunceC000000108:590:0000:00050% 12
Daniel SprongRW0110003013:590:0000:000100% 1
Filip ForsbergLW1010237020:031:1310:0000% 2
Ivan ProvorovD000-1050025:181:2100:3600% 0
Jaccob SlavinD0000030124:341:2100:3600% 0
Lars EllerC1010014014:470:0000:48078% 18
Leon DraisaitlC000-1018127:240:4800:00047% 19
Ryan O'ReillyC0001004219:261:1300:00057% 30
Ryan SuterD0001001323:331:0600:1200% 0
Teuvo TeravainenLW0000013018:291:1410:000100% 1
Trevor van RiemsdykD0000010013:340:0000:0000% 0
Valeri NichushkinRW000000000:310:0000:000100% 1
RedWings
Player Name POS G A P +/- PIM HIT SHT SB MP PP MP PP SHT PK MP PK SHT FO% FOT
Brayden SchennC1011014020:550:0201:10041% 22
David PastrnakRW1120003123:090:4600:00031% 29
David PerronLW000-1021023:080:4600:53080% 5
Denis GurianovRW000-1000011:530:0000:00060% 10
Derick BrassardC000000000:000:0000:0000% 0
Drew DoughtyD0110040021:570:0001:3000% 0
Erik KarlssonD0111044124:400:4821:3200% 0
Evgenii DadonovRW101-1012016:260:4612:50030% 10
John CarlsonD0110020026:480:4801:3000% 0
Mark ScheifeleC0110213022:480:0000:26050% 4
Nick CousinsC000-1010317:200:0000:00067% 3
Nick FolignoLW000-1032011:530:0000:0000% 1
Nikita AlexandrovC000000005:490:0000:0000% 1
Phillip Di GiuseppeLW0111000117:360:0200:000100% 1
Ryan HartmanRW0001221118:410:0201:060100% 2
Ryan MurrayD000-1000117:200:0002:2800% 0
Seth JonesD0000021418:340:0000:5600% 0
Stefan NoesenRW000002005:490:0000:0000% 0



Play-by-Play

1st period


0:01 of 1st period - David Pastrnak wins face-off versus Leon Draisaitl in neutral zone.
0:04 of 1st period - Shot by Mark Scheifele.
0:04 of 1st period - Shot Hit the Post.
0:44 of 1st period - Mark Scheifele is hit by Ivan Provorov.
0:53 of 1st period - Icing by Ivan Provorov.
0:54 of 1st period - Leon Draisaitl wins face-off versus Brayden Schenn in Canadiens zone.
1:14 of 1st period - Off-side.
1:15 of 1st period - Lars Eller wins face-off versus Evgenii Dadonov in neutral zone.
1:17 of 1st period - Trevor van Riemsdyk is hit by Nick Foligno and loses puck.
2:15 of 1st period - Icing by Alex Goligoski.
2:16 of 1st period - Lars Eller wins face-off versus David Pastrnak in Canadiens zone.
2:16 of 1st period - Lars Eller is hit by David Perron.
2:24 of 1st period - Icing by Erik Karlsson.
2:25 of 1st period - Ryan O'Reilly wins face-off versus David Pastrnak in RedWings zone.
2:26 of 1st period - Shot by Filip Forsberg.
2:26 of 1st period - Shot Misses the Net.
2:28 of 1st period - Shot by Valeri Nichushkin.
2:28 of 1st period - Shot Blocked by David Pastrnak.
2:38 of 1st period - Shot by Filip Forsberg.
2:38 of 1st period - Shot Misses the Net.
2:40 of 1st period - Shot by Ryan O'Reilly.
2:40 of 1st period - Stopped by Brian Elliott without a rebound.
2:41 of 1st period - Brendan Gaunce wins face-off versus Brayden Schenn in RedWings zone.
2:51 of 1st period - Icing by Drew Doughty.
2:52 of 1st period - Valeri Nichushkin wins face-off versus Brayden Schenn in RedWings zone.
2:52 of 1st period - Valeri Nichushkin is hit by Drew Doughty.
2:53 of 1st period - Valeri Nichushkin from Canadiens is injured at 2:53 of 1st period (Bruised Left Arm).
2:54 of 1st period - Nick Cousins wins face-off versus Ryan O'Reilly in RedWings zone.
4:01 of 1st period - Shot by Anthony Mantha.
4:01 of 1st period - Shot Misses the Net.
4:03 of 1st period - Shot by Brendan Gallagher.
4:03 of 1st period - Shot Misses the Net.
4:05 of 1st period - Shot by Anthony Mantha.
4:05 of 1st period - Shot Misses the Net.
4:13 of 1st period - Shot by Brendan Gallagher.
4:13 of 1st period - Stopped by Brian Elliott without a rebound.
4:14 of 1st period - Lars Eller wins face-off versus David Pastrnak in RedWings zone.
4:28 of 1st period - Minor Penalty to Mark Scheifele for Roughing.
4:29 of 1st period - Ryan Hartman wins face-off versus Artturi Lehkonen in RedWings zone.
4:55 of 1st period - Teuvo Teravainen is hit by Erik Karlsson and loses puck.
5:52 of 1st period - Shot by Filip Forsberg.
5:52 of 1st period - Stopped by Brian Elliott without a rebound.
5:53 of 1st period - David Perron wins face-off versus Ryan O'Reilly in RedWings zone.
6:04 of 1st period - John Carlson is hit by Filip Forsberg and loses puck.
7:29 of 1st period - Shot by Evgenii Dadonov.
7:29 of 1st period - Stopped by Kaapo Kahkonen with a rebound.
7:31 of 1st period - Shot by Drew Doughty.
7:31 of 1st period - Shot Blocked by Adam Pelech.
9:24 of 1st period - Anthony Mantha is hit by Nick Cousins and loses puck.
9:39 of 1st period - Shot by Anthony Mantha.
9:39 of 1st period - Stopped by Brian Elliott without a rebound.
9:40 of 1st period - Brendan Gaunce wins face-off versus Denis Gurianov in RedWings zone.
10:06 of 1st period - Alex Goligoski is hit by Nick Foligno and loses puck.
11:57 of 1st period - Shot by David Pastrnak.
11:57 of 1st period - Shot Blocked by Ryan O'Reilly.
12:04 of 1st period - Adam Pelech is hit by Erik Karlsson.
13:35 of 1st period - Shot by Leon Draisaitl.
13:35 of 1st period - Deflect By Teuvo Teravainen.
13:35 of 1st period - Shot Blocked by Ryan Hartman.
13:47 of 1st period - Off-side.
13:48 of 1st period - David Pastrnak wins face-off versus Leon Draisaitl in neutral zone.
13:48 of 1st period - David Pastrnak is hit by Artturi Lehkonen.
14:09 of 1st period - Shot by David Pastrnak.
14:09 of 1st period - Deflect By Mark Scheifele.
14:09 of 1st period - Stopped by Kaapo Kahkonen without a rebound.
14:10 of 1st period - Ryan O'Reilly wins face-off versus Nick Foligno in Canadiens zone.
14:14 of 1st period - Ryan Suter is hit by Nick Foligno and loses puck.
14:18 of 1st period - Off-side.
14:19 of 1st period - Alexander Kerfoot wins face-off versus David Pastrnak in neutral zone.
15:10 of 1st period - Mark Scheifele is hit by Jaccob Slavin.
15:22 of 1st period - Shot by Leon Draisaitl.
15:22 of 1st period - Shot Misses the Net.
15:46 of 1st period - Shot by Leon Draisaitl.
15:46 of 1st period - Stopped by Brian Elliott without a rebound.
15:47 of 1st period - Ryan O'Reilly wins face-off versus Brayden Schenn in RedWings zone.
15:47 of 1st period - Ryan O'Reilly is hit by Seth Jones.
16:01 of 1st period - Shot by Ryan O'Reilly.
16:01 of 1st period - Stopped by Brian Elliott without a rebound.
16:02 of 1st period - Evgenii Dadonov wins face-off versus Brendan Gaunce in RedWings zone.
16:33 of 1st period - Shot by Brendan Gaunce.
16:33 of 1st period - Stopped by Brian Elliott without a rebound.
16:34 of 1st period - Brayden Schenn wins face-off versus Ryan O'Reilly in RedWings zone.
17:15 of 1st period - Shot by Leon Draisaitl.
17:15 of 1st period - Stopped by Brian Elliott without a rebound.
17:16 of 1st period - Denis Gurianov wins face-off versus Brendan Gaunce in RedWings zone.
17:39 of 1st period - Shot by Nick Foligno.
17:39 of 1st period - Stopped by Kaapo Kahkonen without a rebound.
17:40 of 1st period - Lars Eller wins face-off versus David Pastrnak in Canadiens zone.
19:18 of 1st period - Shot by Leon Draisaitl.
19:18 of 1st period - Stopped by Brian Elliott without a rebound.
19:19 of 1st period - Ryan O'Reilly wins face-off versus Brayden Schenn in RedWings zone.
19:37 of 1st period - Erik Karlsson is hit by Ivan Provorov.
19:39 of 1st period - Shot by Brayden Schenn.
19:39 of 1st period - Stopped by Kaapo Kahkonen with a rebound.
19:41 of 1st period - Shot by Erik Karlsson.
19:41 of 1st period - Stopped by Kaapo Kahkonen without a rebound.
19:42 of 1st period - Denis Gurianov wins face-off versus Brendan Gaunce in Canadiens zone.
19:42 of 1st period - Denis Gurianov is hit by Alex Goligoski.
Goals for this period are 0 for Canadiens vs 0 for RedWings.
Shots for this period are 9 for Canadiens vs 5 for RedWings.

2nd period


0:01 of 2nd period - Ryan O'Reilly wins face-off versus Brayden Schenn in neutral zone.
0:35 of 2nd period - Erik Karlsson is hit by Leon Draisaitl and loses puck.
0:47 of 2nd period - Filip Forsberg is hit by John Carlson and loses puck.
0:57 of 2nd period - Off-side.
0:58 of 2nd period - David Pastrnak wins face-off versus Brendan Gaunce in neutral zone.
1:03 of 2nd period - Shot by Seth Jones.
1:03 of 2nd period - Stopped by Kaapo Kahkonen without a rebound.
1:04 of 2nd period - Brendan Gaunce wins face-off versus Mark Scheifele in Canadiens zone.
2:10 of 2nd period - Ryan Murray is hit by Ivan Provorov and loses puck.
2:57 of 2nd period - John Carlson is hit by Artturi Lehkonen and loses puck.
3:58 of 2nd period - Shot by Anthony Mantha.
3:58 of 2nd period - Deflect By Filip Forsberg.
3:58 of 2nd period - Stopped by Brian Elliott without a rebound.
3:59 of 2nd period - Lars Eller wins face-off versus Nick Cousins in RedWings zone.
4:12 of 2nd period - Shot by Lars Eller.
4:12 of 2nd period - Stopped by Brian Elliott without a rebound.
4:13 of 2nd period - Ryan O'Reilly wins face-off versus David Pastrnak in RedWings zone.
4:29 of 2nd period - Shot by Ryan O'Reilly.
4:29 of 2nd period - Shot Blocked by Seth Jones.
4:35 of 2nd period - Shot by Filip Forsberg.
4:35 of 2nd period - Shot Misses the Net.
4:37 of 2nd period - Shot by Anthony Mantha.
4:37 of 2nd period - Shot Blocked by Seth Jones.
4:39 of 2nd period - Shot by Ryan O'Reilly.
4:39 of 2nd period - Shot Misses the Net.
4:41 of 2nd period - Shot by Ryan Suter.
4:41 of 2nd period - Shot Blocked by Seth Jones.
4:43 of 2nd period - Shot by Anthony Mantha.
4:43 of 2nd period - Shot Misses the Net.
4:45 of 2nd period - Shot by Adam Pelech.
4:45 of 2nd period - Shot Misses the Net.
4:47 of 2nd period - Shot by Ryan Suter.
4:47 of 2nd period - Stopped by Brian Elliott with a rebound.
5:07 of 2nd period - Seth Jones is hit by Alexander Kerfoot and loses puck.
5:13 of 2nd period - Mark Scheifele is hit by Alex Goligoski.
5:40 of 2nd period - Brayden Schenn is hit by Trevor van Riemsdyk and loses puck.
6:36 of 2nd period - Icing by Nick Cousins.
6:37 of 2nd period - Leon Draisaitl wins face-off versus Denis Gurianov in RedWings zone.
6:57 of 2nd period - Shot by Leon Draisaitl.
6:57 of 2nd period - Deflect By Teuvo Teravainen.
6:57 of 2nd period - Shot Misses the Net.
7:40 of 2nd period - Icing by Alex Goligoski.
7:41 of 2nd period - David Pastrnak wins face-off versus Ryan O'Reilly in Canadiens zone.
7:53 of 2nd period - Off-side.
7:54 of 2nd period - Lars Eller wins face-off versus Brayden Schenn in neutral zone.
8:12 of 2nd period - Icing by Ivan Provorov.
8:13 of 2nd period - Lars Eller wins face-off versus David Pastrnak in Canadiens zone.
8:23 of 2nd period - Ivan Provorov is hit by Erik Karlsson and loses puck.
8:54 of 2nd period - Jaccob Slavin is hit by David Perron and loses puck.
9:19 of 2nd period - Filip Forsberg is hit by Mark Scheifele and loses puck.
9:37 of 2nd period - Ryan O'Reilly is hit by Brayden Schenn and loses puck.
9:45 of 2nd period - Icing by Adam Pelech.
9:46 of 2nd period - Brayden Schenn wins face-off versus Ryan O'Reilly in Canadiens zone.
10:17 of 2nd period - Shot by Brendan Gallagher.
10:17 of 2nd period - Stopped by Brian Elliott without a rebound.
10:18 of 2nd period - Brendan Gaunce wins face-off versus Denis Gurianov in RedWings zone.
10:34 of 2nd period - Icing by Alex Goligoski.
10:35 of 2nd period - Brendan Gaunce wins face-off versus Brayden Schenn in Canadiens zone.
11:00 of 2nd period - Shot by Brendan Gallagher.
11:00 of 2nd period - Shot Misses the Net.
11:28 of 2nd period - Shot by David Pastrnak.
11:28 of 2nd period - Stopped by Kaapo Kahkonen with a rebound.
11:30 of 2nd period - Shot by Mark Scheifele.
11:30 of 2nd period - Stopped by Kaapo Kahkonen without a rebound.
11:31 of 2nd period - Leon Draisaitl wins face-off versus David Pastrnak in Canadiens zone.
11:39 of 2nd period - Teuvo Teravainen is hit by Drew Doughty.
11:45 of 2nd period - Shot by Leon Draisaitl.
11:45 of 2nd period - Stopped by Brian Elliott with a rebound.
11:47 of 2nd period - Shot by Ryan Suter.
11:47 of 2nd period - Shot Misses the Net.
11:49 of 2nd period - Shot by Leon Draisaitl.
11:49 of 2nd period - Stopped by Brian Elliott without a rebound.
11:50 of 2nd period - Ryan O'Reilly wins face-off versus Evgenii Dadonov in RedWings zone.
12:22 of 2nd period - Icing by Ryan O'Reilly.
12:23 of 2nd period - Ryan O'Reilly wins face-off versus David Pastrnak in Canadiens zone.
12:31 of 2nd period - Minor Penalty to Filip Forsberg for Roughing.
12:32 of 2nd period - Brayden Schenn wins face-off versus Lars Eller in Canadiens zone.
12:33 of 2nd period - Shot by Erik Karlsson.
12:33 of 2nd period - Stopped by Kaapo Kahkonen without a rebound.
12:34 of 2nd period - David Perron wins face-off versus Lars Eller in Canadiens zone.
12:37 of 2nd period - Shot by David Pastrnak.
12:37 of 2nd period - Shot Blocked by Ryan Suter.
12:39 of 2nd period - Shot by John Carlson.
12:39 of 2nd period - Shot Misses the Net.
12:41 of 2nd period - Shot by John Carlson.
12:41 of 2nd period - Shot Misses the Net.
12:43 of 2nd period - Shot by Erik Karlsson.
12:43 of 2nd period - Stopped by Kaapo Kahkonen without a rebound.
12:44 of 2nd period - Lars Eller wins face-off versus David Perron in Canadiens zone.
12:49 of 2nd period - John Carlson is hit by Lars Eller and loses puck.
13:08 of 2nd period - Shot by John Carlson.
13:08 of 2nd period - Shot Misses the Net.
13:19 of 2nd period - Shot by Evgenii Dadonov.
13:19 of 2nd period - Goal by Evgenii Dadonov - Canadiens : 0 - RedWings : 1.
13:20 of 2nd period - Brayden Schenn wins face-off versus Ryan O'Reilly in neutral zone.
13:29 of 2nd period - Shot by Brayden Schenn.
13:29 of 2nd period - Shot Blocked by Ryan Suter.
13:39 of 2nd period - Shot by Filip Forsberg.
13:39 of 2nd period - Shot Misses the Net.
13:51 of 2nd period - Shot by Brayden Schenn.
13:51 of 2nd period - Stopped by Kaapo Kahkonen without a rebound.
13:52 of 2nd period - Brendan Gaunce wins face-off versus David Pastrnak in Canadiens zone.
14:17 of 2nd period - Shot by David Perron.
14:17 of 2nd period - Deflect By David Pastrnak.
14:17 of 2nd period - Stopped by Kaapo Kahkonen without a rebound.
14:18 of 2nd period - Leon Draisaitl wins face-off versus Brayden Schenn in Canadiens zone.
14:51 of 2nd period - Shot by Ryan Hartman.
14:51 of 2nd period - Shot Blocked by Ryan Suter.
14:53 of 2nd period - Shot by Seth Jones.
14:53 of 2nd period - Shot Misses the Net.
15:03 of 2nd period - Shot by Phillip Di Giuseppe.
15:03 of 2nd period - Deflect By Ryan Hartman.
15:03 of 2nd period - Stopped by Kaapo Kahkonen without a rebound.
15:04 of 2nd period - Ryan O'Reilly wins face-off versus David Pastrnak in Canadiens zone.
15:06 of 2nd period - Icing by Filip Forsberg.
15:07 of 2nd period - David Pastrnak wins face-off versus Ryan O'Reilly in Canadiens zone.
15:15 of 2nd period - Off-side.
15:16 of 2nd period - Lars Eller wins face-off versus David Pastrnak in neutral zone.
15:43 of 2nd period - Shot by David Perron.
15:43 of 2nd period - Stopped by Kaapo Kahkonen without a rebound.
15:44 of 2nd period - Phillip Di Giuseppe wins face-off versus Leon Draisaitl in Canadiens zone.
15:44 of 2nd period - Phillip Di Giuseppe is hit by Adam Pelech.
16:29 of 2nd period - Shot by Phillip Di Giuseppe.
16:29 of 2nd period - Shot Hit the Post.
16:50 of 2nd period - Drew Doughty is hit by Anthony Mantha and loses puck.
17:37 of 2nd period - David Pastrnak is hit by Ivan Provorov and loses puck.
17:42 of 2nd period - Shot by Mark Scheifele.
17:42 of 2nd period - Shot Blocked by Jaccob Slavin.
17:44 of 2nd period - Shot by Erik Karlsson.
17:44 of 2nd period - Stopped by Kaapo Kahkonen without a rebound.
17:45 of 2nd period - Denis Gurianov wins face-off versus Lars Eller in Canadiens zone.
18:08 of 2nd period - Shot by Alex Goligoski.
18:08 of 2nd period - Shot Hit the Post.
18:10 of 2nd period - Shot by Lars Eller.
18:10 of 2nd period - Goal by Lars Eller - Canadiens : 1 - RedWings : 1.
18:11 of 2nd period - Nick Cousins wins face-off versus Leon Draisaitl in neutral zone.
18:24 of 2nd period - Shot by Teuvo Teravainen.
18:24 of 2nd period - Stopped by Brian Elliott without a rebound.
18:25 of 2nd period - Lars Eller wins face-off versus David Pastrnak in RedWings zone.
18:34 of 2nd period - Shot by Lars Eller.
18:34 of 2nd period - Shot Blocked by Seth Jones.
18:36 of 2nd period - Shot by Lars Eller.
18:36 of 2nd period - Stopped by Brian Elliott without a rebound.
18:37 of 2nd period - Brayden Schenn wins face-off versus Leon Draisaitl in RedWings zone.
19:04 of 2nd period - Shot by John Carlson.
19:04 of 2nd period - Shot Blocked by Leon Draisaitl.
Goals for this period are 1 for Canadiens vs 1 for RedWings.
Shots for this period are 9 for Canadiens vs 11 for RedWings.

3rd period


0:01 of 3rd period - David Pastrnak wins face-off versus Leon Draisaitl in neutral zone.
1:04 of 3rd period - Shot by Nick Foligno.
1:04 of 3rd period - Shot Misses the Net.
1:30 of 3rd period - Denis Gurianov is hit by Jaccob Slavin and loses puck.
2:07 of 3rd period - Shot by Alexander Kerfoot.
2:07 of 3rd period - Shot Blocked by Phillip Di Giuseppe.
2:25 of 3rd period - Icing by Erik Karlsson.
2:26 of 3rd period - Brayden Schenn wins face-off versus Ryan O'Reilly in RedWings zone.
2:33 of 3rd period - Shot by Filip Forsberg.
2:33 of 3rd period - Stopped by Brian Elliott without a rebound.
2:34 of 3rd period - Ryan O'Reilly wins face-off versus David Pastrnak in RedWings zone.
2:34 of 3rd period - Ryan O'Reilly is hit by Drew Doughty.
2:36 of 3rd period - Shot by Filip Forsberg.
2:36 of 3rd period - Stopped by Brian Elliott without a rebound.
2:37 of 3rd period - Ryan O'Reilly wins face-off versus David Pastrnak in RedWings zone.
2:37 of 3rd period - Leon Draisaitl is hit by Drew Doughty.
3:01 of 3rd period - Shot by Leon Draisaitl.
3:01 of 3rd period - Stopped by Brian Elliott without a rebound.
3:02 of 3rd period - Denis Gurianov wins face-off versus Anthony Mantha in RedWings zone.
3:50 of 3rd period - Nick Cousins is hit by Ivan Provorov and loses puck.
4:34 of 3rd period - Icing by Adam Pelech.
4:35 of 3rd period - Ryan O'Reilly wins face-off versus Brayden Schenn in Canadiens zone.
4:40 of 3rd period - Shot by Ryan O'Reilly.
4:40 of 3rd period - Shot Misses the Net.
4:56 of 3rd period - Shot by Brayden Schenn.
4:56 of 3rd period - Stopped by Kaapo Kahkonen with a rebound.
4:58 of 3rd period - Shot by Brayden Schenn.
4:58 of 3rd period - Shot Misses the Net.
5:04 of 3rd period - Shot by Ryan Hartman.
5:04 of 3rd period - Shot Blocked by Ryan O'Reilly.
5:26 of 3rd period - Ryan O'Reilly is hit by Ryan Hartman.
6:13 of 3rd period - Lars Eller is hit by Erik Karlsson and loses puck.
6:16 of 3rd period - Shot by Alexander Kerfoot.
6:16 of 3rd period - Stopped by Brian Elliott without a rebound.
6:17 of 3rd period - Denis Gurianov wins face-off versus Brendan Gaunce in RedWings zone.
6:34 of 3rd period - Shot by Nick Foligno.
6:34 of 3rd period - Shot Misses the Net.
6:50 of 3rd period - Shot by Nick Foligno.
6:50 of 3rd period - Stopped by Kaapo Kahkonen without a rebound.
6:51 of 3rd period - Lars Eller wins face-off versus David Pastrnak in Canadiens zone.
7:02 of 3rd period - Shot by Alexander Kerfoot.
7:02 of 3rd period - Stopped by Brian Elliott without a rebound.
7:03 of 3rd period - Teuvo Teravainen wins face-off versus David Pastrnak in RedWings zone.
7:15 of 3rd period - Icing by Ivan Provorov.
7:16 of 3rd period - Leon Draisaitl wins face-off versus Brayden Schenn in Canadiens zone.
7:21 of 3rd period - Phillip Di Giuseppe is hit by Teuvo Teravainen and loses puck.
7:25 of 3rd period - Icing by John Carlson.
7:26 of 3rd period - Lars Eller wins face-off versus Brayden Schenn in RedWings zone.
7:40 of 3rd period - Icing by Adam Pelech.
7:41 of 3rd period - Daniel Sprong wins face-off versus David Pastrnak in Canadiens zone.
7:48 of 3rd period - Shot by Seth Jones.
7:48 of 3rd period - Shot Misses the Net.
8:22 of 3rd period - Shot by David Pastrnak.
8:22 of 3rd period - Shot Misses the Net.
9:16 of 3rd period - Shot by Erik Karlsson.
9:16 of 3rd period - Shot Misses the Net.
9:21 of 3rd period - Artturi Lehkonen is hit by John Carlson and loses puck.
9:34 of 3rd period - Alex Goligoski is hit by Ryan Hartman and loses puck.
9:40 of 3rd period - Icing by Filip Forsberg.
9:41 of 3rd period - Ryan O'Reilly wins face-off versus Evgenii Dadonov in Canadiens zone.
9:41 of 3rd period - Filip Forsberg is hit by Stefan Noesen and loses puck.
9:57 of 3rd period - Icing by Trevor van Riemsdyk.
9:58 of 3rd period - David Pastrnak wins face-off versus Ryan O'Reilly in Canadiens zone.
10:10 of 3rd period - Icing by Filip Forsberg.
10:11 of 3rd period - Ryan O'Reilly wins face-off versus Evgenii Dadonov in Canadiens zone.
10:11 of 3rd period - Ryan O'Reilly is hit by Stefan Noesen.
10:17 of 3rd period - Shot by Ryan O'Reilly.
10:17 of 3rd period - Stopped by Brian Elliott without a rebound.
10:18 of 3rd period - Leon Draisaitl wins face-off versus David Pastrnak in RedWings zone.
10:23 of 3rd period - Shot by Leon Draisaitl.
10:23 of 3rd period - Stopped by Brian Elliott without a rebound.
10:24 of 3rd period - David Perron wins face-off versus Leon Draisaitl in RedWings zone.
10:29 of 3rd period - John Carlson is hit by Artturi Lehkonen and loses puck.
10:56 of 3rd period - Icing by Drew Doughty.
10:57 of 3rd period - David Pastrnak wins face-off versus Ryan O'Reilly in RedWings zone.
11:01 of 3rd period - John Carlson is hit by Adam Pelech and loses puck.
11:04 of 3rd period - Shot by Mark Scheifele.
11:04 of 3rd period - Stopped by Kaapo Kahkonen without a rebound.
11:05 of 3rd period - Ryan O'Reilly wins face-off versus Evgenii Dadonov in Canadiens zone.
11:12 of 3rd period - Icing by Nick Cousins.
11:13 of 3rd period - Lars Eller wins face-off versus Denis Gurianov in RedWings zone.
11:26 of 3rd period - Shot by Daniel Sprong.
11:26 of 3rd period - Stopped by Brian Elliott with a rebound.
11:36 of 3rd period - Shot by Daniel Sprong.
11:36 of 3rd period - Stopped by Brian Elliott with a rebound.
11:38 of 3rd period - Shot by Lars Eller.
11:38 of 3rd period - Shot Blocked by Nick Cousins.
11:40 of 3rd period - Shot by Lars Eller.
11:40 of 3rd period - Shot Misses the Net.
11:50 of 3rd period - Shot by Daniel Sprong.
11:50 of 3rd period - Shot Blocked by Ryan Murray.
11:52 of 3rd period - Shot by Lars Eller.
11:52 of 3rd period - Shot Blocked by Nick Cousins.
11:54 of 3rd period - Shot by Alexander Kerfoot.
11:54 of 3rd period - Stopped by Brian Elliott with a rebound.
12:13 of 3rd period - Shot by Teuvo Teravainen.
12:13 of 3rd period - Shot Misses the Net.
12:15 of 3rd period - Shot by Jaccob Slavin.
12:15 of 3rd period - Shot Misses the Net.
12:21 of 3rd period - Shot by Teuvo Teravainen.
12:21 of 3rd period - Shot Blocked by Nick Cousins.
12:23 of 3rd period - Shot by Leon Draisaitl.
12:23 of 3rd period - Shot Misses the Net.
12:25 of 3rd period - Shot by Artturi Lehkonen.
12:25 of 3rd period - Shot Misses the Net.
12:54 of 3rd period - Icing by Ryan Murray.
12:55 of 3rd period - Denis Gurianov wins face-off versus Ryan O'Reilly in RedWings zone.
13:10 of 3rd period - Mark Scheifele is hit by Filip Forsberg and loses puck.
14:05 of 3rd period - Shot by Lars Eller.
14:05 of 3rd period - Stopped by Brian Elliott without a rebound.
14:06 of 3rd period - Brayden Schenn wins face-off versus Leon Draisaitl in RedWings zone.
14:23 of 3rd period - Shot by Leon Draisaitl.
14:23 of 3rd period - Stopped by Brian Elliott without a rebound.
14:24 of 3rd period - Lars Eller wins face-off versus Brayden Schenn in RedWings zone.
14:28 of 3rd period - Daniel Sprong is hit by Seth Jones and loses puck.
14:53 of 3rd period - Shot by Daniel Sprong.
14:53 of 3rd period - Stopped by Brian Elliott without a rebound.
14:54 of 3rd period - Leon Draisaitl wins face-off versus Nikita Alexandrov in RedWings zone.
16:05 of 3rd period - Icing by Drew Doughty.
16:06 of 3rd period - Ryan O'Reilly wins face-off versus David Pastrnak in RedWings zone.
16:13 of 3rd period - Shot by Ryan O'Reilly.
16:13 of 3rd period - Shot Misses the Net.
16:21 of 3rd period - Shot by Filip Forsberg.
16:21 of 3rd period - Goal by Filip Forsberg - Canadiens : 2 - RedWings : 1.
16:22 of 3rd period - Brayden Schenn wins face-off versus Lars Eller in neutral zone.
16:33 of 3rd period - Shot by Phillip Di Giuseppe.
16:33 of 3rd period - Deflect By Brayden Schenn.
16:33 of 3rd period - Goal by Brayden Schenn - Canadiens : 2 - RedWings : 2.
16:34 of 3rd period - David Pastrnak wins face-off versus Ryan O'Reilly in neutral zone.
17:06 of 3rd period - Shot by Leon Draisaitl.
17:06 of 3rd period - Deflect By Filip Forsberg.
17:06 of 3rd period - Shot Misses the Net.
17:22 of 3rd period - Icing by Erik Karlsson.
17:23 of 3rd period - David Perron wins face-off versus Brendan Gaunce in RedWings zone.
17:23 of 3rd period - David Perron is hit by Anthony Mantha.
17:30 of 3rd period - Erik Karlsson is hit by Jaccob Slavin and loses puck.
18:38 of 3rd period - Icing by Seth Jones.
18:39 of 3rd period - Ryan Hartman wins face-off versus Filip Forsberg in RedWings zone.
18:39 of 3rd period - Ryan Hartman is hit by Filip Forsberg.
19:31 of 3rd period - Minor Penalty to Ryan Hartman for Tripping.
19:32 of 3rd period - Evgenii Dadonov wins face-off versus Alexander Kerfoot in RedWings zone.
19:45 of 3rd period - Shot by Teuvo Teravainen.
19:45 of 3rd period - Deflect By Alexander Kerfoot.
19:45 of 3rd period - Shot Misses the Net.
19:47 of 3rd period - Shot by Artturi Lehkonen.
19:47 of 3rd period - Shot Blocked by Erik Karlsson.
19:57 of 3rd period - Shot by Teuvo Teravainen.
19:57 of 3rd period - Stopped by Brian Elliott without a rebound.
19:58 of 3rd period - Brayden Schenn wins face-off versus Filip Forsberg in RedWings zone.
Goals for this period are 1 for Canadiens vs 1 for RedWings.
Shots for this period are 15 for Canadiens vs 4 for RedWings.

Overtime #1


0:01 of 1st overtime period - Leon Draisaitl wins face-off versus Evgenii Dadonov in neutral zone.
0:01 of 1st overtime period - Leon Draisaitl is hit by Evgenii Dadonov.
0:45 of 1st overtime period - Shot by Teuvo Teravainen.
0:45 of 1st overtime period - Stopped by Brian Elliott without a rebound.
0:46 of 1st overtime period - Ryan O'Reilly wins face-off versus Evgenii Dadonov in RedWings zone.
1:06 of 1st overtime period - Shot by Adam Pelech.
1:06 of 1st overtime period - Shot Misses the Net.
1:08 of 1st overtime period - Shot by Ryan Suter.
1:08 of 1st overtime period - Shot Misses the Net.
1:10 of 1st overtime period - Shot by Ryan Suter.
1:10 of 1st overtime period - Shot Misses the Net.
1:12 of 1st overtime period - Shot by Ryan O'Reilly.
1:12 of 1st overtime period - Shot Misses the Net.
1:14 of 1st overtime period - Shot by Ryan O'Reilly.
1:14 of 1st overtime period - Stopped by Brian Elliott without a rebound.
1:15 of 1st overtime period - Evgenii Dadonov wins face-off versus Ryan O'Reilly in RedWings zone.
1:34 of 1st overtime period - Shot by Filip Forsberg.
1:34 of 1st overtime period - Stopped by Brian Elliott with a rebound.
1:40 of 1st overtime period - Shot by Filip Forsberg.
1:40 of 1st overtime period - Stopped by Brian Elliott without a rebound.
1:41 of 1st overtime period - Mark Scheifele wins face-off versus Leon Draisaitl in RedWings zone.
1:53 of 1st overtime period - Icing by Filip Forsberg.
1:54 of 1st overtime period - Mark Scheifele wins face-off versus Leon Draisaitl in Canadiens zone.
2:03 of 1st overtime period - Icing by Filip Forsberg.
2:04 of 1st overtime period - Leon Draisaitl wins face-off versus Mark Scheifele in Canadiens zone.
2:22 of 1st overtime period - Shot by Mark Scheifele.
2:22 of 1st overtime period - Shot Misses the Net.
2:24 of 1st overtime period - Shot by David Pastrnak.
2:24 of 1st overtime period - Goal by David Pastrnak - Canadiens : 2 - RedWings : 3.
Goals for this period are 0 for Canadiens vs 1 for RedWings.
Shots for this period are 4 for Canadiens vs 1 for RedWings.